 Dungeon Crawl Stone Soup version 0.15-a0-717-ga3c592f (webtiles) character file.

985 PolkaDot the Cutter (level 7, -3/49 HPs)
             Began as a Vampire Gladiator on May 10, 2014.
             Was a Follower of Qazlal.
             Killed by divine providence
             ... invoked by an orc priest
              (15 damage)
             ... on Level 6 of the Dungeon.
             The game lasted 00:11:49 (3354 turns).

PolkaDot the Cutter (Vampire Gladiator)             Turns: 3354, Time: 00:11:49

HP  -3/49        AC 10     Str 19      XL: 7   Next: 97%
MP   7/7         EV 22     Int 10      God: Qazlal [*.....]
Gold 158         SH  4     Dex 23      Spells:  0 memorised,  6 levels left

rFire  + . .     SeeInvis +     a - +0 cutlass
rCold  . . .     Clarity  .     o - +3 leather armour {rF+}
rNeg   . . .     Conserve .     (no shield)
rPois  .         rCorr    .     c - +0 helmet
rElec  .         rRot     .     s - +0 cloak
SustAb . .       Spirit   .     r - +0 pair of gloves
rMut   .         Warding  .     k - +0 pair of boots
Gourm  .         Stasis   .     (no amulet)
MR     .....                    (no ring)
                                (no ring)

@: regenerating quickly, mighty, agile, not resistant to hostile enchantments,
quite stealthy
A: bottle blood, fangs 3, hooves 1, see invisible, agile 1, unbreathing
a: Bottle Blood, Renounce Religion


You were on level 6 of the Dungeon.
You worshipped Qazlal.
Qazlal was aware of your devotion.
You were very full.

You visited 1 branch of the dungeon, and saw 6 of its levels.

You collected 158 gold pieces.

Inventory:

Hand weapons
 a - a +0,+0 cutlass (weapon)
Missiles
 d - 3 throwing nets (quivered)
Armour
 c - a +0 helmet (worn)
 k - a +0 pair of boots (worn)
 o - a +3 leather armour of fire resistance (worn)
 r - a +0 pair of gloves (worn)
 s - a +0 cloak (worn)
Magical devices
 j - a wand of confusion (0)
Scrolls
 e - a scroll of magic mapping
 g - a scroll of recharging
 h - 2 scrolls of remove curse
 i - 4 scrolls of identify
 l - a scroll of fog
Jewellery
 b - an uncursed ring of ice


   Skills:
 - Level 1.7 Fighting
 * Level 7.8 Short Blades
 - Level 1.5 Throwing
 + Level 5.9 Dodging
 + Level 7.0 Stealth


You had 6 spell levels left.
You didn't know any spells.

Dungeon Overview and Level Annotations

Branches:
Dungeon (6/15)             Temple (0/1) D:4

Altars:
Fedhas
Gozag
Nemelex Xobeh
Qazlal


Innate Abilities, Weirdness & Mutations

Your natural rate of healing is unusually fast.
You can bottle blood from corpses.
You have razor-sharp teeth.*
You have supernaturally acute eyesight.
You can survive without breathing.*
You have large cloven feet.*
You are agile. (Dex +2)


Message History

The orc wizard mumbles some strange words.
The orc wizard seems to speed up.
The orc priest invokes the aid of Beogh against you.
Something smites you!
* * * LOW HITPOINT WARNING * * *
You closely miss the orc priest. Your kick misses the orc priest.
The orc priest is almost dead.
The orc priest hits you but does no damage.
You barely miss the orc priest. Your kick misses the orc priest.
The orc priest is almost dead.
The orc wizard gestures wildly while chanting.
You feel a wave of unholy energy pass over you.
The orc wizard mumbles some strange words.
The orc wizard blinks!
The orc priest hits you but does no damage.
You hit the orc priest. Your kick misses the orc priest.
The orc priest is almost dead.
The orc priest mumbles some strange prayers to Beogh against you.
Something smites you!
You die...

#..####.#.#
#.........#
#)##......#
.#.##.##.######
..............##
.#######..#....# #
# #...#...# ...
#.......####...###
#..#.....@oKo..ยง..
#..#...######o####
#......# ####.###
#.# ..# ...


You could see an orc priest, 2 orc wizards and a kobold.

Vanquished Creatures
  A basilisk (D:6)
  Edmund (D:5)
  2 sky beasts
  An ogre (D:5)
  A giant frog (D:4)
  A crimson imp (D:5)
  A hound (D:4)
  3 orc priests (D:4)
  2 worker ants
  A big kobold zombie (D:5)
  4 gnolls (D:4)
  5 adders
  A giant mite (D:3)
  2 giant geckos
  2 oozes (D:3)
  13 orcs
  2 giant cockroaches
  8 hobgoblins
  6 jackals
  A quokka (D:4)
  2 ball pythons
  3 bats
  4 giant newts
  7 goblins
  A hobgoblin skeleton (D:4)
  6 kobolds
  A kobold skeleton (D:4)
  11 rats
  A butterfly (D:4)
94 creatures vanquished.

Notes
Turn   | Place    | Note
--------------------------------------------------------------
     0 | D:1      | PolkaDot, the Vampire Gladiator, began the quest for the Orb.
     0 | D:1      | Reached XP level 1. HP: 16/16 MP: 1/1
   254 | D:1      | Reached XP level 2. HP: 22/22 MP: 2/2
   755 | D:2      | Reached skill level 1 in Stealth
  1011 | D:3      | Reached skill level 4 in Short Blades
  1089 | D:3      | Reached XP level 3. HP: 17/27 MP: 3/3
  1183 | D:3      | Noticed a sky beast
  1199 | D:3      | Killed a sky beast
  1199 | D:3      | Reached XP level 4. HP: 17/33 MP: 4/4
  1217 | D:3      | Reached skill level 5 in Short Blades
  1265 | D:3      | Reached XP level 5. HP: 34/38 MP: 5/5
  1548 | D:3      | Found a stormy altar of Qazlal.
  1555 | D:3      | Became a worshipper of Qazlal Stormbringer
  1819 | D:4      | Gained mutation: You are agile. (Dex +2) [potion of mutation]
  1819 | D:4      | Gained mutation: You have large cloven feet. [potion of mutation]
  1819 | D:4      | Gained mutation: You are robust (+10% HP). [potion of mutation]
  1874 | D:4      | Found an opulent altar of Gozag.
  1974 | D:4      | Found a blossoming altar of Fedhas.
  2043 | D:4      | Reached XP level 6. HP: 36/48 MP: 6/6
  2196 | D:4      | Acquired Qazlal's first power
  2198 | D:4      | Lost mutation: You are robust (+10% HP). [potion of cure mutation]
  2289 | D:4      | Reached skill level 6 in Short Blades
  2412 | D:4      | Reached skill level 5 in Dodging
  2412 | D:4      | Reached skill level 5 in Stealth
  2557 | D:4      | Found a staircase to the Ecumenical Temple.
  2615 | D:5      | Entered Level 5 of the Dungeon
  2782 | D:5      | Found a sparkling altar of Nemelex Xobeh.
  2807 | D:5      | Noticed Edmund
  2840 | D:5      | Killed Edmund
  2840 | D:5      | Reached XP level 7. HP: 16/49 MP: 7/7
  2923 | D:5      | Reached skill level 7 in Short Blades
  3284 | D:6      | Noticed a basilisk
  3326 | D:6      | Killed a basilisk
  3354 | D:6      | Killed from afar by an orc priest

Action                   |  1- 3 |  4- 6 |  7- 9 || total
-------------------------+-------+-------+-------++-------
Melee: Cutlass           |    85 |   231 |    70 ||   386
  Use: Potion            |     1 |     9 |     3 ||    13
       Scroll            |       |     3 |     3 ||     6
 Stab: Distracted        |       |     2 |       ||     2
       Sleeping          |       |     1 |       ||     1
